 Dungeon Crawl Stone Soup version 0.23.2-30-g0e89c35649 (webtiles) character file.

Game seed: 17114655577413665569

842 troglodite the Covert (level 7, 0/52 HPs)
             Began as a Vampire Assassin on June 11, 2019.
             Slain by a phantom (5 damage)
             ... on level 5 of the Dungeon.
             The game lasted 00:18:28 (7356 turns).

troglodite the Covert (Vampire Assassin)            Turns: 7356, Time: 00:18:28

Health: 0/52       AC:  8    Str: 13    XL:     7   Next: 67%
Magic:  7/7        EV: 14    Int: 14    God:
Gold:   233        SH:  0    Dex: 17    Spells: 6/6 levels left

rFire    . . .     SeeInvis +   b - +0 blowgun
rCold    . . .     Gourm    .   (no shield)
rNeg     + . .     Faith    .   z - +2 leather armour of Rozyk {Str+3}
rPois    .         Spirit   .   (no helmet)
rElec    .         Reflect  .   d - +0 cloak
rCorr    +         Harm     .   q - +0 pair of gloves
MR       .....                  k - +0 pair of boots (curse)
Stlth    ++++......             (no amulet)
HPRegen  0.17/turn              i - ring of resist corrosion
MPRegen  0.10/turn              (no ring)

@: no status effects
A: fangs 3, see invisible, unbreathing
a: Bat Form


You were on level 5 of the Dungeon.
You were not thirsty.

You visited 1 branch of the dungeon, and saw 5 of its levels.
You also visited: Sewer.

You collected 233 gold pieces.

Inventory:

Hand Weapons
 a - a +2 dagger
 b - a +0 blowgun (weapon)
Missiles
 e - 43 poisoned needles (quivered)
 f - 2 curare-tipped needles
Armour
 d - a +0 cloak (worn)
 k - a cursed +0 pair of boots (worn)
 q - a +0 pair of gloves (worn)
 z - the +2 leather armour of Rozyk (worn) {Str+3}
   (You found it in a sewer)

   It affects your strength (+3).
Jewellery
 i - a ring of resist corrosion (left hand)
 H - a +4 amulet of reflection {unknown}
Wands
 G - a wand of digging (2)
Scrolls
 h - 5 scrolls of teleportation {unknown}
 j - 2 scrolls of remove curse {unknown}
 l - a scroll of noise {unknown}
 o - a scroll of amnesia {unknown}
 s - a scroll of enchant weapon {unknown}
 v - 3 scrolls of identify {unknown}
 x - 2 scrolls of fear
 y - 3 scrolls of fog {unknown}
 A - 2 scrolls of magic mapping {unknown}
 C - a scroll of enchant armour {unknown}
Potions
 c - a potion of haste {unknown}
 g - 9 potions of blood
 m - a potion of brilliance {unknown}
 n - 2 potions of curing {unknown}
 p - a potion of cancellation {unknown}
 r - 2 potions of heal wounds
 t - 2 potions of lignification {unknown}
 u - 2 potions of flight {unknown}
 w - 4 potions of magic
 B - a potion of might {unknown}
 D - a potion of berserk rage {unknown}
 E - a potion of mutation {unknown}
 F - 2 potions of agility {unknown}


   Skills:
 * Level 3.3 Fighting
 * Level 5.4 Short Blades
 - Level 1.5 Throwing
 + Level 2.2 Armour
 * Level 4.3 Dodging
 * Level 8.9 Stealth


You had 6 spell levels left.
You didn't know any spells.
Your spell library was empty.

Dungeon Overview and Level Annotations

Branches:
Dungeon (5/15)
 Temple: D:4-7

Altars:
Ashenzari
Gozag
Makhleb
Vehumet
Zin

Shops:
D:4 (

Annotations:
D:5 Prince Ribbit


Innate Abilities, Weirdness & Mutations

You have razor-sharp teeth.
You have supernaturally acute eyesight. (SInv)
You can survive without breathing.


Message History

Prince Ribbit hits you but does no damage.
Prince Ribbit looks more healthy.
Prince Ribbit hits you but does no damage.
Found a triangular beryl amulet.
The phantom blinks!
Found 19 stones and 7 gold pieces.
Prince Ribbit hits you!
* * * LOW HITPOINT WARNING * * *
The phantom barely misses you.
Found 7 gold pieces.
You are too injured to fight recklessly!
A sky beast comes into view.
Prince Ribbit misses you.
Found 8 tomahawks and 18 gold pieces.
You see here a triangular beryl amulet.
H - a triangular beryl amulet Prince Ribbit misses you.
Prince Ribbit hits you!
* * * LOW HITPOINT WARNING * * *
The phantom hits you.
You die...

#...........##
#............#
#.....(......#
#............#
#.............
#..........
#..........
#.WF.......
#..@.......
#(.....$...
#...$......
#..........
#..........
#.......Y($
###########


You could see Prince Ribbit, a phantom and a sky beast (sleeping).

Vanquished Creatures
  Sigmund (D:2)
  A sky beast (D:4)
  2 bullfrogs (Sewer)
  A bullfrog skeleton (D:4)
  4 worker ants
  A statue (D:4)
  3 gnolls (D:2)
  4 river rats (Sewer)
  13 adders
  2 oozes
  An adder skeleton (D:4)
  3 worms
  3 dart slugs
  2 leopard geckos
  5 orcs (D:3)
  5 giant cockroaches
  9 goblins
  8 hobgoblins
  10 kobolds
  2 quokkas (D:2)
  14 ball pythons
  9 bats
  5 frilled lizards
  23 rats (Sewer)
131 creatures vanquished.

Notes
Turn   | Place    | Note
-------+----------+-------------------------------------------
     0 | D:1      | troglodite the Vampire Assassin began the quest for the
                  | Orb.
     0 | D:1      | Reached XP level 1. HP: 16/16 MP: 1/1
    61 | D:1      | Reached skill level 6 in Stealth
   465 | D:1      | Reached XP level 2. HP: 22/22 MP: 2/2
   959 | D:2      | Reached XP level 3. HP: 21/27 MP: 3/3
  1614 | D:2      | Reached skill level 7 in Stealth
  1628 | D:2      | Found a faded altar of an unknown god.
  1656 | D:2      | Reached XP level 4. HP: 18/33 MP: 4/4
  2542 | D:2      | Noticed Sigmund
  2562 | D:2      | Killed Sigmund
  2562 | D:2      | Reached skill level 1 in Armour
  2562 | D:2      | Reached XP level 5. HP: 26/39 MP: 5/5
  2944 | D:2      | Found a glowing silver altar of Zin.
  3011 | D:2      | Found a burning altar of Makhleb.
  3011 | D:2      | Noticed a blizzard demon
  3285 | D:3      | Reached XP level 6. HP: 37/46 MP: 6/6
  3520 | D:3      | Found a glowing drain.
  3640 | Sewer    | Entered a sewer
  4551 | Sewer    | Got a bloodstained leather armour
  4564 | Sewer    | Identified the +2 leather armour of Rozyk {Str+3} (You
                  | found it in a sewer)
  4575 | Sewer    | Reached skill level 8 in Stealth
  5217 | Sewer    | Reached XP level 7. HP: 12/52 MP: 7/7
  6087 | D:4      | Found an opulent altar of Gozag.
  6095 | D:4      | Found Mowac's Antique Weapon Boutique.
  6123 | D:4      | Found a radiant altar of Vehumet.
  6418 | D:4      | Found a shattered altar of Ashenzari.
  6538 | D:4      | Reached skill level 5 in Short Blades
  7299 | D:5      | Entered Level 5 of the Dungeon
  7299 | D:5      | Noticed Prince Ribbit
  7356 | D:5      | Slain by a phantom

Skill      XL: |  1  2  3  4  5  6  7 |
---------------+----------------------+-----
Stealth        | 6 7 8 |  8.9
Dodging        | 2 3 4 |  4.3
Fighting       | 2 3 |  3.3
Short Blades   | 3 4 5 |  5.4
Armour         | 1 2 |  2.2
Throwing       | |  1.5

Action                   |  1- 3 |  4- 6 |  7- 9 || total
-------------------------+-------+-------+-------++-------
Melee: Dagger            |   101 |   301 |   138 ||   540
       Bite              |    13 |    33 |    19 ||    65
 Fire: Blowgun           |       |     7 |     3 ||    10
  Use: Potion            |     1 |    14 |     4 ||    19
       Scroll            |       |     1 |       ||     1
 Stab: Sleeping          |     6 |     8 |     8 ||    22
       Distracted        |       |       |     1 ||     1
  Eat: Corpse            |       |     1 |     1 ||     2
Armor: Robe              |     6 |       |       ||     6
       Ring mail         |    30 |    65 |       ||    95
       Leather armour    |       |   129 |    39 ||   168
Dodge: Dodged            |    49 |   285 |    86 ||   420
